 Dungeon Crawl Stone Soup version 0.30-a0-799-g109b55a442 (webtiles) character file.

Game seed: 2139325672882719059

145 cheesebisquit the Ruffian (level 5, 0/49 HPs)
             Began as a Troll Warper on Feb 20, 2023.
             Shot with an arrow by a centaur (9 damage)
             ... on level 4 of the Dungeon.
             The game lasted 00:07:23 (1681 turns).

cheesebisquit the Ruffian (Troll Warper)            Turns: 1681, Time: 00:07:24

Health: 0/49       AC:  5    Str: 21    XL:     5   Next: 6%
Magic:  6/6        EV:  9    Int:  9    God:
Gold:   70         SH:  0    Dex:  9    Spells: 5/7 levels left

rFire   . . .      SeeInvis .      - Unarmed
rCold   . . .      Faith    .    (no shield)
rNeg    . . .      Spirit   .    a - +0 robe
rPois   .          Reflect  .    (helmet restricted)
rElec   .          Harm     .    j - +0 cloak
rCorr   .          Rampage  .    (gloves unavailable)
Will    .....                    (boots unavailable)
Stlth   +                        (no amulet)
HPRegen 1.08/turn                (no ring)
MPRegen 0.10/turn                (no ring)

@: no status effects
A: large, unfitting armour, claws 3, regeneration 1, shaggy fur 1, tough skin 1
a: no special abilities


You were on level 4 of the Dungeon.
You visited 1 branch of the dungeon, and saw 4 of its levels.

You collected 70 gold pieces.

Inventory:

Missiles
 h - 16 poisoned darts (quivered)
Armour
 a - a +0 robe (worn)
 j - a +0 cloak (worn)
Scrolls
 b - 2 scrolls of blinking
 d - 6 scrolls of identify {unknown}
 g - a scroll of teleportation {unknown}
Potions
 c - a potion of mutation {unknown}
 e - 3 potions of degeneration {unknown}
 f - 3 potions of lignification {unknown}
 i - 2 potions of brilliance {unknown}


   Skills:
 + Level 2.2 Fighting
 + Level 1.9 Throwing
 - Level 1.9 Dodging
 * Level 3.3 Unarmed Combat
 + Level 1.7 Spellcasting
 + Level 2.6 Translocations


You had 5 spell levels left.
You knew the following spells:

 Your Spells              Type           Power      Damage    Failure   Level
z - Lesser Beckoning      Tloc           10%        N/A       17%         2

Your spell library contained the following spells:

 Spells                   Type           Power      Damage    Failure   Level
 Blink                    Tloc           10%        N/A       17%         2
 Teleport Other           Tloc           5%         N/A       34%         3
 Vhi's Electric Charge    Tloc/Air       6%         N/A       52%         3
 Manifold Assault         Tloc           5%         N/A       75%         4
 Arcjolt                  Conj/Air       0%         1d10      100%        5
 Storm Form               Tmut/Air       0%         N/A       100%        7
 Maxwell's Capacitive Co  Air            0%         ∞         100%        8


Dungeon Overview and Level Annotations

Branches:
Dungeon (4/15)
 Temple: D:4-7

Altars:


Innate Abilities, Weirdness & Mutations

You are too large for most types of armour.
You have claws for hands.
Your natural rate of healing is unusually fast.
You are covered in fur. (AC +1)
You have tough skin. (AC +1)


Message History

You feel very sick. The scorpion stings you.
You are more poisoned.
The scorpion poisons you!
You closely miss the scorpion.
The scorpion is almost dead.
You feel very sick. The scorpion barely misses you. The scorpion stings you.
You are more poisoned.
The scorpion poisons you!
You scratch the scorpion.
You kill the scorpion!
You feel very sick.
You have reached level 5!
You feel very sick.
You feel very sick.
You feel very sick.
You feel sick.
You feel sick.
You feel sick.
You feel sick.
You feel sick.
You feel sick.
You feel sick.
You feel sick.
You are no longer poisoned.
HP restored.
A centaur comes into view.
The centaur shouts!
The centaur wields a +0 shortbow.
The centaur shoots an arrow.
The arrow hits you.
The centaur shoots an arrow.
The arrow hits you!
The centaur shoots an arrow.
The arrow hits you!
The centaur shoots an arrow.
The arrow hits you!
* * * LOW HITPOINT WARNING * * *
The centaur shoots an arrow.
The arrow closely misses you.
The centaur shoots an arrow.
The arrow hits you!
* * * LOW HITPOINT WARNING * * *
The centaur shoots an arrow.
The arrow barely misses you.
The centaur shoots an arrow.
The arrow hits you!
You die...

########..
.........
#.....#######
#...c.c.# #
#######.#
#.#####...# #.#
#.......#.# #.#
#.......#<# #.#
.........#####@#
.....###.......#
..... #########
.... ... #..


You could see a centaur.

Vanquished Creatures
  A scorpion (D:4)
  Crazy Yiuf (D:3)
  An adder (D:3)
  A worm (D:3)
  2 dart slugs
  5 endoplasms
  3 giant cockroaches
  4 goblins
  3 hobgoblins
  4 jackals
  3 kobolds (D:3)
  2 quokkas
  4 ball pythons (D:3)
  4 frilled lizards
  6 rats
44 creatures vanquished.

Vanquished Creatures (others)
  2 fungi (D:3)
2 creatures vanquished.

Grand Total: 46 creatures vanquished

Notes
Turn   | Place    | Note
-------+----------+-------------------------------------------
     0 | D:1      | cheesebisquit the Troll Warper began the quest for the Orb.
     0 | D:1      | Reached XP level 1. HP: 19/19 MP: 1/1
   108 | D:1      | Reached skill level 1 in Throwing
   197 | D:1      | Reached XP level 2. HP: 26/28 MP: 3/3
   643 | D:2      | Found a faded altar of an unknown god.
   848 | D:2      | Learned a level 2 spell: Lesser Beckoning
   930 | D:3      | Reached XP level 3. HP: 35/35 MP: 4/4
  1478 | D:3      | Identified the +0 dagger "Zoohaudd" {spect, rElec Str+2}
  1531 | D:3      | Found a runed translucent door.
  1532 | D:3      | Noticed Crazy Yiuf
  1538 | D:3      | Killed Crazy Yiuf
  1539 | D:3      | Reached skill level 3 in Unarmed Combat
  1539 | D:3      | Reached XP level 4. HP: 33/42 MP: 5/5
  1587 | D:4      | Noticed a scorpion
  1598 | D:4      | Killed a scorpion
  1599 | D:4      | Reached XP level 5. HP: 16/49 MP: 6/6
  1670 | D:4      | Noticed a centaur
  1681 | D:4      | Shot with an arrow by a centaur

Illustrated notes

Levels and vault maps discovered:
D:1:      spicycebolla_green_bress_n_ham_2, layout_basic
D:2:      layout_basic, ebering_ecumenical_altar_webs
D:3:      layout_loops_cross, minmay_pentangle, uniq_crazy_yiuf_cottage
D:4:      cheibrodos_barr_body, layout_basic, nrook_mini_backslash,
          serial_bayou_pond_b, uniq_sigmund

Skill      XL: |  1  2  3 |
---------------+----------+-----
Throwing       | 1 |  1.9
Fighting       | 2 |  2.2
Unarmed Combat | 3 |  3.3
Dodging        | |  1.9
Spellcasting   | |  1.7
Translocations | |  2.6

Action                     |  1- 3 |  4- 6 || total
---------------------------+-------+-------++-------
  Melee: Unarmed           |   137 |    10 ||   147
         Punch             |     3 |       ||     3
  Throw: Boomerang         |     7 |       ||     7
         Stone             |     4 |       ||     4
   Stab: Sleeping          |     3 |       ||     3
 Armour: Robe              |    30 |     4 ||    34
  Dodge: Dodged            |    50 |     5 ||    55

Table legend: (Time is in decaauts)
 A = Elapsed time spent in this place.
 B = Non-inter-level travel time spent in this place.
 C = Inter-level travel time spent in this place.
 D = Time resting spent in this place.
 E = Time spent auto-exploring this place.
 F = Levels seen in this place.
 G = Mean time per level.
                   A        B        C        D        E       F      G
               +--------+--------+--------+--------+--------+-----+--------+
         Total |   1677 |   1556 |    121 |      0 |   1200 |   4 |  419.2 |
       Dungeon |   1677 |   1556 |    121 |      0 |   1200 |   4 |  419.2 |
               +--------+--------+--------+--------+--------+-----+--------+

Top non-repeatable levels by time:
     D:3: 713 daAuts
     D:1: 623 daAuts
     D:2: 244 daAuts
     D:4: 96 daAuts
